 Dungeon Crawl Stone Soup version 0.29.1-1-gd02db6906a (webtiles) character file.

Game seed: 7622336030759852999

173 Zeld the Chopper (level 5, -1/47 HPs)
             Began as a Minotaur Berserker on Oct 11, 2022.
             Was a Believer of Trog.
             Constricted to death by a gnoll (3 damage)
             ... led by a gnoll bouda
             ... on level 4 of the Dungeon.
             The game lasted 00:02:56 (3364 turns).

Zeld the Chopper (Minotaur Berserker)               Turns: 3364, Time: 00:02:57

Health: -1/47      AC:  2    Str: 23    XL:     5   Next: 28%
Magic:  4/4        EV:  7    Int:  4    God:    Trog [**....]
Gold:   2          SH:  6    Dex: 10    Spells: 4/4 levels left

rFire   . . .      SeeInvis .   a - +0 hand axe
rCold   . . .      Faith    .   u - +0 kite shield
rNeg    . . .      Spirit   .   b - +0 animal skin
rPois   +          Reflect  .   (helmet restricted)
rElec   .          Harm     .   (no cloak)
rCorr   .          Rampage  .   (no gloves)
Will    ++...                   (no boots)
Stlth   +.........              (no amulet)
HPRegen 1.15/turn               h - ring of poison resistance
MPRegen 0.09/turn               (no ring)

@: grasped by roots, strong-willed, on berserk cooldown, regenerating, slowed,
constricted, very slow
A: horns 2, retaliatory headbutt
a: Renounce Religion, Berserk, Trog's Hand


You were on level 4 of the Dungeon.
You worshipped Trog.
Trog was pleased with you.
You visited 1 branch of the dungeon, and saw 4 of its levels.

You collected 152 gold pieces.
You spent 150 gold pieces at shops.

Inventory:

Hand Weapons
 a - a +0 hand axe (weapon)
Missiles
 d - 14 poisoned darts
 g - 5 curare-tipped darts
Armour
 b - a +0 animal skin (worn)
 u - a +0 kite shield (worn)
Jewellery
 h - a ring of poison resistance (left hand)
 r - a ring of protection from fire
Wands
 s - a wand of mindburst (13)
 v - a wand of roots (2)
Scrolls
 e - a scroll of enchant armour {unknown}
 f - a scroll of amnesia {unknown}
 j - 2 scrolls of butterflies {unknown}
 k - 4 scrolls of identify
 m - a scroll of blinking {unknown}
 n - 3 scrolls of teleportation {unknown}
 p - a scroll of brand weapon {unknown}
 q - a scroll of fear {unknown}
 w - a scroll of noise {unknown}
Potions
 c - 3 potions of might {unknown}
 i - a potion of mutation {unknown}
 l - 2 potions of curing {unknown}
 o - a potion of cancellation {unknown}
 t - a potion of experience {unknown}
 x - a potion of magic {unknown}


   Skills:
 + Level 4.5 Fighting
 * Level 5.3 Axes
 + Level 3.6 Armour
 + Level 3.3 Dodging


You had 4 spell levels left.
You didn't know any spells.
Your spell library was empty.

Dungeon Overview and Level Annotations

Branches:
Dungeon (4/15)
 Temple: D:4-7

Altars:
Wu Jian

Shops:
D:2 *   D:3 *

Annotations:
D:3 2 transporters, nshep25's ghost, amateur MiFi


Innate Abilities, Weirdness & Mutations

You have a pair of horns on your head.
You reflexively headbutt those who attack you in melee.


Message History

Trog accepts your kill.
Your attacks no longer feel as feeble.
You have reached level 5!
You closely miss the gnoll. You block the gnoll's attack.
You hit the gnoll. Your headbutt misses the gnoll.
The gnoll is heavily wounded.
The gnoll hits you with a +0 whip.
You slash the gnoll!
You kill the gnoll!
Trog accepts your kill. The gnoll closely misses you.
You block the gnoll's attack.
Items here: )) ? [ †.
You closely miss the gnoll. You headbutt the gnoll!
The gnoll is severely wounded.
The gnoll hits you from afar with a +0 spear.
The gnoll hits you with a +0 flail.
You slash the gnoll!
You kill the gnoll!
Trog accepts your kill. You block the gnoll's attack.
You are no longer berserk.
You are exhausted.
You feel yourself slow down.
You see here a +0 flail.
You hit the gnoll.
The gnoll is lightly wounded.
You block the gnoll's attack.
The gnoll zaps a wand.
The roots erupt in riotous growth!
The gnoll is unaffected. x3
The grasping roots grab you! The grasping roots constrict you.
The gnoll hits you with a +0 spear!
* * * LOW HITPOINT WARNING * * *
The grasping roots constrict you.
* * * LOW HITPOINT WARNING * * *
Unknown command.
Your skin crawls.
You feel strong-willed. The gnoll hits you with a +0 spear.
* * * LOW HITPOINT WARNING * * *
The grasping roots constrict you.
You die...

#......# #......# ..#..
#....... ..##..#.......
.###..#.......
###..#.......
##..#.......
##############.....))..)
.....gg@)....##....)...>
.....g######..##...####.
...## #.......# #. .
#.......# #. #####.###
#. #.# .. #.# .[ ... ..
.##


You could see 3 gnolls.

Vanquished Creatures
  A gnoll bouda (D:4)
  2 orc wizards (D:4)
  2 gnolls (D:4)
  An adder (D:3)
  2 dart slugs
  5 orcs
  3 endoplasms
  3 goblins
  6 hobgoblins
  10 jackals
  7 kobolds
  3 quokkas
  4 ball pythons
  3 bats
  A frilled lizard (D:3)
  3 rats (D:3)
56 creatures vanquished.

Notes
Turn   | Place    | Note
-------+----------+-------------------------------------------
     0 | D:1      | Zeld the Minotaur Berserker began the quest for the Orb.
     0 | D:1      | Reached XP level 1. HP: 19/19 MP: 0/0
   538 | D:1      | Reached skill level 4 in Axes
   538 | D:1      | Reached XP level 2. HP: 17/27 MP: 1/1
  1387 | D:2      | Found a faded altar of an unknown god.
  1724 | D:2      | Found Kobbec's General Store.
  1733 | D:2      | Bought a scroll of identify for 28 gold pieces
  1840 | D:3      | Found an ornate altar of the Wu Jian Council.
  1892 | D:3      | Reached XP level 3. HP: 28/33 MP: 2/2
  2028 | D:3      | Found Uwan's Assorted Antiques.
  2036 | D:3      | Bought a metallic clear potion for 22 gold pieces
  2044 | D:3      | Reached ** piety under Trog
  2535 | D:3      | Found a transporter.
  2535 | D:3      | Noticed nshep25's ghost (amateur MiFi)
  2537 | D:3      | Found a transporter.
  2787 | D:3      | Reached XP level 4. HP: 34/40 MP: 3/3
  2987 | D:3      | Bought a tapered bronze wand for 100 gold pieces
  3056 | D:4      | Reached skill level 5 in Axes
  3356 | D:4      | Reached XP level 5. HP: 36/47 MP: 4/4
  3364 | D:4      | HP: 2/47 [gnoll/+0 spear[a gnoll bouda] (5)]
  3364 | D:4      | Constricted to death by a gnoll

Illustrated notes

Levels and vault maps discovered:
D:1:      shiori_angband_town, layout_loops_corners, st_stairs_1
D:2:      layout_rooms, basic_ecumenical_altar, serial_shops,
          nicolae_diamond_shop
D:3:      layout_loops_cross, nicolae_overflow_crystal_walls,
          gammafunk_ghost_mausoleum, serial_shops, nicolae_shop_trees
D:4:      layout_basic, nicolae_overflow_hallway_of_the_gods, hex_large,
          minmay_stone_trees_small, hangedman_glass_teeth, uniq_pikel

Skill      XL: |  1  2  3  4 |
---------------+-------------+-----
Axes           | 4 5 |  5.3
Fighting       | 4 |  4.5
Armour         | 3 |  3.6
Dodging        | 3 |  3.3

Action                   |  1- 3 |  4- 6 || total
-------------------------+-------+-------++-------
Melee: Hand axe          |    96 |    28 ||   124
       Headbutt          |    13 |     7 ||    20
       Punch             |     1 |       ||     1
Invok: Berserk           |       |     2 ||     2
       Trog's Hand       |       |     1 ||     1
Armor: Animal skin       |    25 |       ||    25
Dodge: Dodged            |    75 |    10 ||    85
Block: Kite shield       |     3 |    12 ||    15
